 Dungeon Crawl Stone Soup version 0.26-a0-667-g92642533e4 (webtiles) character file.

Game seed: 5178950002236854510

975 marklar909 the Cudgeler (level 8, -11/62 HPs)
             Began as a Formicid Abyssal Knight on Oct 17, 2020.
             Was a Priest of Lugonu.
             Mangled by Menkaure (16 damage)
             ... on level 5 of the Dungeon.
             The game lasted 00:09:19 (7272 turns).

marklar909 the Cudgeler (Formicid Abyssal Knight)   Turns: 7272, Time: 00:09:19

Health: -11/62     AC:  9    Str: 19    XL:     8   Next: 39%
Magic:  9/9        EV: 12    Int: 12    God:    Lugonu [***...]
Gold:   230        SH:  0    Dex: 10    Spells: 7/7 levels left

rFire    . . .     SeeInvis +   l - +2 whip (flame)
rCold    . . .     Faith    .   (no shield)
rNeg     + . .     Spirit   .   i - +0 ring mail
rPois    .         Reflect  .   (helmet unavailable)
rElec    .         Harm     .   (no cloak)
rCorr    .         Rampage  .   k - +2 pair of gloves
MR       .....                  (no boots)
Stlth    +.........             (no amulet)
HPRegen  0.20/turn              n - ring of wizardry
MPRegen  0.11/turn              m - ring of positive energy

@: no status effects
A: permanent stasis, dig shafts and tunnels, four strong arms, antennae 3
a: Dig, Shaft Self, Depart the Abyss, Bend Space, Banish, Renounce Religion


You were on level 5 of the Dungeon.
You worshipped Lugonu.
Lugonu was most pleased with you.
You visited 1 branch of the dungeon, and saw 5 of its levels.
You visited the Abyss 1 time.

You collected 230 gold pieces.

Inventory:

Hand Weapons
 a - a +1 mace
 l - a +2 whip of flaming (weapon)
Missiles
 e - 50 bolts
Armour
 i - a +0 ring mail (worn)
 k - a +2 pair of gloves (worn)
Jewellery
 m - a ring of positive energy (right hand)
 n - a ring of wizardry (left hand)
 o - an uncursed ring of wizardry
Scrolls
 c - 2 scrolls of remove curse
 d - 2 scrolls of identify
 j - 2 scrolls of random uselessness {unknown}
 q - a scroll of amnesia {unknown}
 r - a scroll of enchant weapon {unknown}
Potions
 b - a potion of cancellation {unknown}
 f - a potion of berserk rage {unknown}
 g - 2 potions of mutation
 h - a potion of degeneration {unknown}


   Skills:
 + Level 5.3 Fighting
 + Level 6.0 Maces & Flails
 + Level 4.9 Armour
 + Level 3.6 Dodging
 + Level 1.5 Stealth
 + Level 2.3 Invocations


You had 7 spell levels left.
You didn't know any spells.
Your spell library was empty.

Dungeon Overview and Level Annotations

Branches:
Dungeon (5/15)
 Temple: D:4-7

Altars:
Makhleb
The Shining One

Annotations:
D:4 Pikel
D:5 Menkaure


Innate Abilities, Weirdness & Mutations

You cannot be hasted, slowed, berserked, paralysed or teleported.
You can dig through walls and to a lower floor.
Your four strong arms can wield two-handed weapons with a shield.
You have a pair of large antennae on your head. (SInv)


Message History

Unknown command.
You barely miss Menkaure.
Menkaure is heavily damaged.
Unknown command.
You feel better.
Menkaure points at you and mumbles some strange words.
You struggle to resist.
Unknown command.
You hit Menkaure. You burn Menkaure.
Menkaure is severely damaged.
Menkaure hits you!
* * * LOW HITPOINT WARNING * * *
Unknown command.
You barely miss Menkaure.
Menkaure is severely damaged.
Unknown command.
You hit Menkaure but do no damage.
Menkaure is severely damaged.
Menkaure hits you!
You die...

.## ##M...### ##
##.....## ##[....##
##.....# ##....# #....#
#....# #M..## ##@..#
###<...# ##......##
#........# #........##
##.........## {
##...........####
##...............####
##........######.....##


You could see Menkaure.

Vanquished Creatures
  2 ogres
  A scorpion (D:5)
  A howler monkey (D:4)
  A crimson imp (D:4)
  A centaur zombie (D:5)
  A hound (D:5)
  A gnoll shaman (D:3)
  A bullfrog skeleton (D:5)
  4 orc priests
  3 orc wizards
  5 worker ants
  A hound skeleton (D:4)
  Robin (D:2)
  4 adders
  10 gnolls
  A dart slug (D:1)
  2 leopard geckos
  11 orcs
  2 ball pythons
  8 bats
  3 giant cockroaches
  11 goblins
  12 hobgoblins
  2 jackals (D:1)
  5 kobolds
  2 quokkas
  5 frilled lizards
  A goblin zombie (D:4)
  2 hobgoblin zombies (D:4)
  A kobold skeleton (D:4)
  A kobold zombie (D:4)
  An orc skeleton (D:4)
  6 rats
113 creatures vanquished.

Vanquished Creatures (others)
  2 plants (D:5)
2 creatures vanquished.

Grand Total: 115 creatures vanquished

Notes
Turn   | Place    | Note
-------+----------+-------------------------------------------
     0 | Abyss:1  | marklar909 the Formicid Abyssal Knight began the quest for
                  | the Orb.
     0 | Abyss:1  | Reached XP level 1. HP: 18/18 MP: 2/2
    20 | Abyss:1  | Noticed a chaos spawn
    29 | D:1      | Escaped the Abyss
   199 | D:1      | Reached XP level 2. HP: 20/24 MP: 3/3
   428 | D:1      | You fall into a shaft and drop 1 floor!
   573 | D:1      | Reached XP level 3. HP: 22/30 MP: 4/4
  1121 | D:2      | Noticed Robin
  1371 | D:2      | Reached skill level 1 in Dodging
  1371 | D:2      | Reached XP level 4. HP: 34/37 MP: 5/5
  1415 | D:2      | Reached ** piety under Lugonu
  1415 | D:2      | Reached skill level 3 in Maces & Flails
  1957 | D:2      | Reached XP level 5. HP: 41/42 MP: 6/6
  2102 | D:2      | Killed Robin
  2899 | D:2      | Reached XP level 6. HP: 32/48 MP: 7/7
  2900 | D:2      | Reached skill level 4 in Maces & Flails
  3962 | D:3      | Found a burning altar of Makhleb.
  4348 | D:4      | Reached skill level 1 in Stealth
  4361 | D:4      | Reached XP level 7. HP: 28/55 MP: 8/8
  4585 | D:4      | Noticed Pikel
  5213 | D:4      | Reached *** piety under Lugonu
  5406 | D:4      | Found a glowing golden altar of the Shining One.
  5654 | D:5      | Entered Level 5 of the Dungeon
  6258 | D:4      | Reached skill level 5 in Fighting
  6258 | D:4      | Reached skill level 5 in Maces & Flails
  6431 | D:5      | Reached XP level 8. HP: 54/62 MP: 9/9
  6990 | D:5      | Reached skill level 6 in Maces & Flails
  7010 | D:5      | Noticed Menkaure
  7272 | D:5      | Mangled by Menkaure

Illustrated notes

Levels and vault maps discovered:
D:1:      mrwooster_arrival_statue_3, layout_basic
D:2:      layout_loops_ring, uniq_robin
D:3:      layout_basic, lemuel_coloured_pillars_altar
D:4:      layout_basic, nicolae_overflow_crystal_walls,
          nicolae_tso_besieged_by_evil, uniq_pikel
D:5:      layout_layer_cave, lemuel_crystal_altar, saegor_snake_ambush,
          uniq_menkaure

Skill      XL: |  1  2  3  4  5  6  7  8 |
---------------+-------------------------+-----
Dodging        | 1 2 3 |  3.6
Fighting       | 4 5 |  5.3
Maces & Flails | 3 4 5 6 |  6.0
Armour         | 3 4 |  4.9
Stealth        | 1 |  1.5
Invocations    | |  2.3

Action                   |  1- 3 |  4- 6 |  7- 9 || total
-------------------------+-------+-------+-------++-------
Melee: Mace              |    71 |   195 |    95 ||   361
       Whip              |       |       |   131 ||   131
 Abil: Dig               |       |     2 |     3 ||     5
  Use: Scroll            |       |     6 |     1 ||     7
       Potion            |       |       |     2 ||     2
Armor: Leather armour    |     8 |       |       ||     8
       Ring mail         |    31 |    95 |    86 ||   212
Dodge: Dodged            |    44 |   137 |   151 ||   332

Table legend: (Time is in decaauts)
 A = Elapsed time spent in this place.
 B = Non-inter-level travel time spent in this place.
 C = Inter-level travel time spent in this place.
 D = Time resting spent in this place.
 E = Time spent auto-exploring this place.
 F = Levels seen in this place.
 G = Mean time per level.
                   A        B        C        D        E       F      G
               +--------+--------+--------+--------+--------+-----+--------+
         Total |   7352 |   6875 |    477 |   2806 |   2811 |   6 | 1225.3 |
       Dungeon |   7323 |   6846 |    477 |   2806 |   2801 |   5 | 1464.6 |
         Abyss |     29 |     29 |      0 |      0 |     10 |   1 |   29.0 |
               +--------+--------+--------+--------+--------+-----+--------+

Top non-repeatable levels by time:
     D:3: 1847 daAuts
     D:2: 1787 daAuts
     D:4: 1518 daAuts
     D:1: 1294 daAuts
     D:5: 875 daAuts
 Abyss:1: 29 daAuts
